Cogmind - Beta 16.1 @@@ ROGUE MODE // 2026.04.04 @ 00:39:31 Player: Foongus0298 Result: Self-destructed Performance ------------- Evolutions (1) 500 Regions Visited (4) 800 Robots Destroyed (22) 110 Value Destroyed (720) 720 Prototype IDs (2) 40 Alien Tech Used (0) 0 Bonus (492) 492 TOTAL SCORE: 2662 Bonus ------- Met Imprinter 300 Was Imprinted 300 Friendly Fire -108 Cogmind --------- Core Integrity 56/400 Matter 227/300 Energy 100/100 System Corruption 11% Temperature Cool (0) Movement Core (50) Location -7/Zion Parts ------- > --- POWER (1) -------- (None) > --- PROPULSION (2) --- (None) > --- UTILITY (3) ------ (None) > --- WEAPON (3) ------- (None) > --- INVENTORY (5) ---- Ion Engine Light Treads Light Treads Makeshift Hacking Suite Heavy Assault Rifle Peak State ------------ > --- POWER ------------ Ion Engine > --- PROPULSION ------- Light Treads Light Treads > --- UTILITY ---------- Improved Heat Sink Small Storage Unit Light Armor Plating > --- WEAPON ----------- Heavy Rocket Launcher Guided Missile Launcher > --- INVENTORY -------- Ion Engine Light Treads Light Treads Heat Sink Makeshift Hacking Suite Heavy Assault Rifle Heavy Assault Rifle Autogun [Rating: 23] Favorites ----------- Power Ion Engine Engine Ion Engine Power Core Light Nuclear Core Propulsion Light Treads Treads Light Treads Utility Small Storage Unit Device Improved Heat Sink Storage Small Storage Unit Protection Light Armor Plating Weapon Heavy Assault Rifle Energy Gun Small Laser Ballistic Gun Heavy Assault Rifle Launcher Rocket Launcher Build | -11 -10 -9 -9 -7 ------- Run | Yrd Mat Mat Min Zio Slots Evolved 2 | . . 2 . . Power . | . . . . . Propulsion . | . . . . . Utility 1 | . . 1 . . Weapon 1 | . . 1 . . Parts Attached 22 | 6 2 9 1 4 Power 3 | 1 . 2 . . Engine 2 | 1 . 1 . . Core 1 | . . 1 . . Reactor . | . . . . . Propulsion 3 | 2 . 1 . . Treads 3 | 2 . 1 . . Leg . | . . . . . Wheel . | . . . . . Hover . | . . . . . Flight . | . . . . . Utility 4 | 1 . 3 . . Device 2 | . . 2 . . Storage 1 | 1 . . . . Processor . | . . . . . Hackware . | . . . . . Protection 1 | . . 1 . . Artifact . | . . . . . Weapon 12 | 2 2 3 1 4 Energy Gun 1 | . . 1 . . Energy Cannon . | . . . . . Ballistic Gun 6 | 2 2 2 . . Ballistic Cannon . | . . . . . Launcher 5 | . . . 1 4 Special Weapon . | . . . . . Impact Weapon . | . . . . . Slashing Weapon . | . . . . . Piercing Weapon . | . . . . . Special Melee Weapon . | . . . . . Unidentified Prototypes 2 | . . . . 2 Parts Lost 11 | . . 1 1 9 Power 2 | . . 1 1 . Propulsion 2 | . . . . 2 Utility 2 | . . . . 2 Weapon 5 | . . . . 5 Highest Loss Streak 5 | . . 1 1 5 To Critical Strikes . | . . . . . Average Backups 6 | 3 6 5 7 7 Power 1 | . 1 1 2 1 Propulsion 2 | 2 3 2 2 2 Utility 1 | . . . 2 2 Weapon 1 | . . . 1 2 Tool/Special . | . . . . . Unused Backups 12 | . 3 2 1 6 Power 2 | . . . 1 1 Propulsion 5 | . 2 2 . 1 Utility 3 | . . . . 3 Weapon 2 | . 1 . . 1 Tool/Special . | . . . . . Average Slot Usage (%) 94 | . 94 99 100 92 Engine 9 | . 14 7 2 10 Core 2 | . . 3 8 . Treads 22 | . 28 22 22 21 Device 8 | . . 10 11 10 Storage 11 | . 14 11 11 11 Protection 10 | . 8 11 11 10 Ballistic Gun 21 | . 28 28 25 16 Launcher 7 | . . . 7 10 Peak Build Rating 23 | 6 9 16 16 23 Average Rating 13 | 4 8 12 15 16 On Entrance 9 | . 6 9 16 14 Avg Prop Armor Cover (%) 8 | . . . . 8 Naked Turns 3 | . . . . 3 Heaviest Build 31 | 11 15 23 24 31 Greatest Support 40 | 40 40 40 40 40 Greatest Overweight (x) 1 | . . . . 1 Average Overweight (x) . | . . . . . Largest Inventory Capacity 8 | 8 8 8 8 8 Average Capacity 7 | 7 8 8 8 7 Most Carried 8 | 6 7 8 8 8 Average Carried 6 | 3 6 5 7 7 Final Capacity 8 | 8 8 8 8 5 Final Carried 8 | 6 7 8 7 5 Class Distribution -------------------- 67% | Scavenger-Tank 21% | Mutant 8% | Tank Dominant Class ---------------- Mutant | -10/Materials Tank | -9/Materials Scavenger-Tank | -9/Mines Scavenger-Tank | -7/Zion Resources | -11 -10 -9 -9 -7 ----------- Run | Yrd Mat Mat Min Zio Matter Collected 862 | 194 160 294 42 172 Remotely . | . . . . . Salvage Created 734 | . 94 294 180 166 Parts 41 | . 6 16 11 8 Haulers Intercepted 1 | . 1 . . . Recyclers Shooed . | . . . . . Parts Field Recycled . | . . . . . Retrieved Matter . | . . . . . Parts Self-Destructed . | . . . . . Prevented . | . . . . . Parts Restored . | . . . . . Kills | -11 -10 -9 -9 -7 ------- Run | Yrd Mat Mat Min Zio Combat Hostiles Destroyed 17 | . 1 6 5 5 Guns 11 | . 1 6 3 1 AOE 6 | . . . 2 4 Classes Destroyed 8 | . 2 1 3 2 Tunneler 1 | . . . 1 . Hauler 1 | . 1 . . . Recycler 1 | . . . 1 . Swarmer 3 | . . . 3 . Grunt 6 | . 1 3 2 . Sentry 3 | . . 3 . . Zionite 2 | . . . . 2 Mutant 5 | . . . . 5 Best Kill Streak 6 | . 1 6 3 6 Combat Bots Only 6 | . 1 6 3 5 Max Kills in Single Turn 2 | . 1 1 2 2 Gunslinging 1 | . . . 1 . Exploded 2 | . . . 2 1 Melee . | . . . . . Uniques/NPCs Destroyed . | . . . . . Combat | -11 -10 -9 -9 -7 -------- Run | Yrd Mat Mat Min Zio Hostile Shots Fired 146 | . 1 37 5 103 Missed 46 | . . 10 2 34 Hits 100 | . 1 27 3 69 Melee 14 | . . . . 14 Projectile 86 | . 1 27 3 55 Critical Strikes 5 | . . 2 . 3 Part Disruptions 1 | . . . . 1 Damage Taken 1635 | . 12 382 63 1178 Core 344 | . . 28 . 316 Absorbed by Shields . | . . . . . Core Remaining (%) 100 | 100 100 . . . Volleys Fired 48 | . 11 20 5 12 Largest 3 | . 2 3 3 2 Hottest 86 | . 46 86 79 62 Shots Fired 112 | . 22 60 15 15 Gun 98 | . 22 60 12 4 Cannon . | . . . . . Launcher 14 | . . . 3 11 Special . | . . . . . Kinetic 95 | . 22 57 12 4 Thermal 3 | . . 3 . . Explosive 14 | . . . 3 11 Electromagnetic . | . . . . . Robot Hit Streak 18 | . 4 18 3 7 Robot Miss Streak 5 | . 5 2 3 1 Penetration Max . | . . . . . Secondary Targets 1 | . . . 1 . Max Gunslinging Chain 1 | . . . 1 . Shots Hit Robots 67 | . 8 42 7 10 Core Hits 51 | . 3 13 10 25 Critical Kills . | . . . . . Critical Parts Destroyed . | . . . . . Critical Strikes . | . . . . . Melee Attacks . | . . . . . Impact . | . . . . . Slashing . | . . . . . Piercing . | . . . . . Sneak Attacks . | . . . . . Combat Hostiles . | . . . . . Follow-up Attacks . | . . . . . Damage Inflicted 1988 | . 144 630 279 935 Guns 918 | . 144 630 87 57 Cannons . | . . . . . Explosions 1068 | . . . 192 876 Melee . | . . . . . Ramming 2 | . . . . 2 Kinetic 896 | . 144 608 87 57 Thermal 22 | . . 22 . . Explosive 1068 | . . . 192 876 Electromagnetic . | . . . . . Impact . | . . . . . Slashing . | . . . . . Piercing . | . . . . . Highest Corruption 11 | . . . . 11 Average Corruption 3 | . . . . 3 Corruption Purged . | . . . . . Corruption Blocked . | . . . . . Effects 3 | . . . . 3 Message Errors 1 | . . . . 1 Matter Fused 1 | . . . . 1 Parts Rejected 1 | . . . . 1 Overload Shots . | . . . . . Overflow Damage 33 | . . . 5 28 Projectiles . | . . . . . Explosions 33 | . . . 5 28 Melee . | . . . . . Knockbacks . | . . . . . Impact . | . . . . . Kinetic . | . . . . . Secondary . | . . . . . Self-Inflicted Damage 63 | . . . 35 28 Shots 2 | . . . 1 1 Rammed 2 | . . . . 2 Targets Rammed 2 | . . . . 2 Kicked . | . . . . . Crushed . | . . . . . Highest Temperature 45 | . 16 22 . 45 Average Temperature 8 | . 6 7 . 23 Received Heat Transfer 293 | . 6 201 6 80 Siege Activations . | . . . . . Martial Activations . | . . . . . Shielding Activations . | . . . . . Robots Disrupted . | . . . . . Combat Hostiles . | . . . . . Robots Corrupted . | . . . . . Combat Hostiles . | . . . . . Parts Fried . | . . . . . Impact Corruptions . | . . . . . Robots Melted . | . . . . . Combat Hostiles . | . . . . . Parts Melted . | . . . . . Heat Transferred 50 | . . 50 . . Parts Sabotaged . | . . . . . Parts Stolen . | . . . . . Parts Stripped . | . . . . . Power Chain Reactions . | . . . . . Alert | -11 -10 -9 -9 -7 ------- Run | Yrd Mat Mat Min Zio Maximum Alert Level . | . . . . . Low Security (%) 100 | 100 100 100 100 . Level 1 . | . . . . . Level 2 . | . . . . . Level 3 . | . . . . . Level 4 . | . . . . . Level 5 . | . . . . . High Security . | . . . . . Max Security . | . . . . . Peak Influence 140 | . 22 140 112 . Initial 42 | . . . 42 . Average 26 | . 3 57 35 . Influence Increases 365 | . 48 160 157 . Destroy 0b10 Robot/C 240 | . 20 120 100 . Destroy 0b10 Robot/NC 15 | . 5 . 10 . Destroy Leader 72 | . 12 40 20 . Successful Hack 11 | . 11 . . . Destroy Structure 27 | . . . 27 . Influence Decreases 365 | . 48 50 212 55 Entered New Map 123 | . . . 68 55 Time Decay 234 | . 48 50 136 . Lost Part 8 | . . . 8 . Squads Dispatched 2 | . 1 1 . . Investigation . | . . . . . Extermination . | . . . . . Reinforcement 2 | . 1 1 . . Assault . | . . . . . Garrison . | . . . . . Intercept . | . . . . . Searches Triggered . | . . . . . Construction Impeded . | . . . . . Haulers Reinforced . | . . . . . Active Scanning Responses . | . . . . . Cargo Convoy Interrupts . | . . . . . Stealth | -11 -10 -9 -9 -7 --------- Run | Yrd Mat Mat Min Zio Distress Signals . | . . . . . Communications Jammed . | . . . . . Distress Signals . | . . . . . Times Spotted 36 | . 5 8 3 20 Peak Tracking Total 10 | . 3 7 2 10 Tactical Retreats 1 | . . . . 1 Traps | -11 -10 -9 -9 -7 ------- Run | Yrd Mat Mat Min Zio Traps Triggered . | . . . . . Indirectly . | . . . . . Trap Hack Attempts . | . . . . . Triggered . | . . . . . Disarmed . | . . . . . Reprogrammed . | . . . . . Reused . | . . . . . Traps Extracted . | . . . . . Installed . | . . . . . Triggered . | . . . . . Machines | -11 -10 -9 -9 -7 ---------- Run | Yrd Mat Mat Min Zio Machines Disabled 1 | . . . . 1 Max in Single Turn 1 | . . . . 1 Machines Repaired . | . . . . . Machines Dismantled . | . . . . . Machines Sabotaged . | . . . . . Overloaded Fab Kills . | . . . . . Hacking | -11 -10 -9 -9 -7 --------- Run | Yrd Mat Mat Min Zio Machines Accessed 3 | . 3 . . . Terminals 2 | . 2 . . . Fabricators . | . . . . . Repair Stations 1 | . 1 . . . Recycling Units . | . . . . . Scanalyzers . | . . . . . Garrison Access . | . . . . . Total Hacks 5 | . 5 . . . Successful 2 | . 2 . . . Failed 3 | . 3 . . . Catastrophic 2 | . 2 . . . Database Lockouts . | . . . . . Manual 3 | . 1 . . 2 Terminals 2 | . 2 . . . Fabricators . | . . . . . Repair Stations 3 | . 3 . . . Recycling Units . | . . . . . Scanalyzers . | . . . . . Garrison Access . | . . . . . Terminal Hacks 1 | . 1 . . . Zone Layout 1 | . 1 . . . Fabricator Hacks . | . . . . . Repair Station Hacks 1 | . 1 . . . Refit 1 | . 1 . . . Recycling Unit Hacks . | . . . . . Scanalyzer . | . . . . . Garrison Access Hacks . | . . . . . Unauthorized Hacks . | . . . . . Terminals . | . . . . . Fabricators . | . . . . . Repair Stations . | . . . . . Recycling Units . | . . . . . Scanalyzers . | . . . . . Garrison Access . | . . . . . Data Cores Recovered . | . . . . . Used . | . . . . . Hacking Detections 2 | . 2 . . . Full Trace Events . | . . . . . Feedback Events . | . . . . . Feedback Blocked . | . . . . . Robot Schematics Acquired 3 | . . . . 3 Robots Built . | . . . . . Authchips . | . . . . . Time . | . . . . . Total Robot Build Rating . | . . . . . Part Schematics Acquired 15 | . . . . 15 Parts Built . | . . . . . Authchips . | . . . . . Time . | . . . . . Total Part Build Rating . | . . . . . Part Studies Acquired . | . . . . . Parts Repaired . | . . . . . Time . | . . . . . Parts Recycled . | . . . . . Recycled Matter . | . . . . . Retrieved Matter . | . . . . . Retrieved Components . | . . . . . Parts Scanalyzed . | . . . . . Part Schematics Acquired . | . . . . . Parts Damaged . | . . . . . Bothacking | -11 -10 -9 -9 -7 ------------ Run | Yrd Mat Mat Min Zio Used RIF Installer . | . . . . . Robots Hacked . | . . . . . Non-combat . | . . . . . Combat . | . . . . . Robot Hacks Applied . | . . . . . Relay Couplers Released . | . . . . . Fabnet Peak Effective % . | . . . . . Robots Rewired . | . . . . . Allies Hacked . | . . . . . Hacks Repelled . | . . . . . Allies | -11 -10 -9 -9 -7 -------- Run | Yrd Mat Mat Min Zio Total Allies 4 | . . . . 4 Largest Group 4 | . . . . 4 Highest-Rated Group 147 | . . . . 147 Highest-Rated Ally 40 | . . . . 40 Total Orders . | . . . . . Ally Attacks . | . . . . . Total Damage . | . . . . . Kills . | . . . . . Allies Corrupted . | . . . . . Allies Melted . | . . . . . Intel | -11 -10 -9 -9 -7 ------- Run | Yrd Mat Mat Min Zio Active Infowar (turns) . | . . . . . Robot Analysis Total . | . . . . . Derelict Logs Recovered 3 | . . . 2 1 Drone Launches . | . . . . . Drone Recoveries . | . . . . . Exploration | -11 -10 -9 -9 -7 ------------- Run | Yrd Mat Mat Min Zio Turns Passed 2216 | 92 354 214 446 1110 Spaces Moved 1266 | 53 198 84 266 665 Core 11 | 6 . . . 5 Treads 1255 | 47 198 84 266 660 Legs . | . . . . . Wheels . | . . . . . Hover . | . . . . . Flight . | . . . . . Fastest Speed 50 | 50 160 160 160 50 Average Speed 159 | 147 160 160 160 160 Slowest Speed 240 | 160 160 160 160 240 Overloaded Moves . | . . . . . Propulsion Burnouts . | . . . . . Robots Hopped . | . . . . . Potential Cave-ins . | . . . . . Cave-ins Triggered . | . . . . . Exploration Rate (%) 34 | 4 36 9 50 72 Regions Visited 4 Branch Regions 2 Pre-discovered Areas 2 | . . . . 2 Known Exits Taken . | . . . . . Unknown Exits Taken 4 | 1 1 1 1 . Scrap Searched 4 | . . . 1 3 Spaces Dug . | . . . . . Terrain Destroyed 47 | . . . 37 10 Melee . | . . . . . Projectile . | . . . . . AOE 47 | . . . 37 10 Terrain Rammed . | . . . . . Walls Destroyed . | . . . . . Machines Disabled . | . . . . . Actions | -11 -10 -9 -9 -7 --------- Run | Yrd Mat Mat Min Zio Total 1377 | 64 219 127 276 691 Wait 4 | . . 4 . . Move 1262 | 52 197 83 265 665 Hop . | . . . . . Pick Up 19 | 6 4 5 2 2 Fast Attach 14 | 6 2 3 . 3 Attach 5 | . . 3 1 1 Detach 2 | . . 1 . 1 Swap 6 | . . 3 1 2 Drop 15 | . 5 5 2 3 Fire 48 | . 11 20 5 12 Melee . | . . . . . Ram 1 | . . . . 1 Kick . | . . . . . Crush 1 | . . . . 1 Escape Stasis . | . . . . . Rewire . | . . . . . Trap . | . . . . . Miscellaneous . | . . . . . Route ------- -11/Scrapyard -10/Materials (discovered 2 exits: *Mat / [*Min]) -9/Materials -9/Mines (discovered 3 exits: *Mat / Exi / *Zio) -7/Zion History --------- Turn | Location | Event 40 | -11/Scrapyard | Discovered new exit (range 16) 93 | -11/Scrapyard | Entered Materials 301 | -10/Materials | Build established: Mutant 332 | -10/Materials | Discovered new exit (range 14) 360 | -10/Materials | Discovered new exit (range 15) 447 | -10/Materials | Entered another Materials area 447 | -9/Materials | Evolved 2 slots: Utility x1, Weapon x1 517 | -9/Materials | Discovered new exit (range 14) 661 | -9/Materials | Entered Mines 778 | -9/Mines | Received a Rocket Launcher from a helpful Derelict 900 | -9/Mines | Build established: Scavenger-Tank 909 | -9/Mines | Identified exit to Materials 1054 | -9/Mines | Identified exit to Exiles 1066 | -9/Mines | A Derelict revealed a hidden shortcut to a safe place 1107 | -9/Mines | Entered Zion 1128 | -7/Zion | Given A8's code to call for help 1226 | -7/Zion | Learned location of Data Miner (-6) 1527 | -7/Zion | Learned 8 Factory zone layouts 1595 | -7/Zion | Met Imprinter 1626 | -7/Zion | Imprinted 1629 | -7/Zion | Declared Zion's savior 1728 | -7/Zion | Found Prototype Launcher 1728 | -7/Zion | Identified Gui. Missile Launcher 2099 | -7/Zion | Attacked by Zionites 2187 | -7/Zion | Lost 4 parts (1n1u2w) 2213 | -7/Zion | Core integrity fell below 50% 2214 | -7/Zion | System corruption reached 10% 2217 | -7/Zion | Core integrity fell below 20% 2217 | -7/Zion | Self-destructed Last Messages --------------- rejected. 02193_ Acquired Prototype Launcher. 02193_ Identified Prc. Grenade Launcher. 02195_ ZJ-VDX(z) destroyed. 02197_ Acquired 25 matter. I8-EZY(z) bursts out of the Twisted Machinery. 02200_ I8-EZY(z) pulls a Mak. Hammer out of the Twisted Machinery. 02203_ Acquired Hvy. Missile Launcher. 02209_ Slammed into CN-PWS(z). 02210_ Lgt. Treads destroyed. 02210_ Prc. Grenade Launcher destroyed. 02210_ System corrupted by crushing effect (+3). 02212_ Slammed into BF-KWG(l). 02213_ Hvy. Missile Launcher destroyed. 02213_ System corrupted by crushing effect (+4). 02214_ Sml. Storage Unit destroyed. 02214_ System corrupted by crushing effect (+1). 02214_ Hvy. Assault Rifle destroyed. 02215_ System corrupted: Matter fused (-6). Map ----- +----------------------------------------------------+ | ?????????????# "" """""""""""""" """ | | ????????????## " " " """""#"#""" "" "" | | ????????????" #"#"""""" "" | | ????????????" ! """"" "" | | ??????????### % % | | ??????????#" " = | | ??????????## "#" | | ???????????# " ###"" | | ???????????#####??#"""" " #"""""" "" | | ??????????????????#""#"# " """""" " | | ??????????????????#####" " """ " | | ????????????????###"#"""#" [ ! | | ????????????????#""""""""#" """ | | ????????????????#""" """" """"""" | | ???????????????#"#" """ """##"" "" | | ????????????????#"" """#"" """"" | | ????????????????#""" """" """""" | | ????????????????###" * """ " ""#??? | | ???????????????####"" "" "" "" "#???? | | ???????????????# ]#"""""""" """ """ ""#??? | | ??????????????##= " "#"""" "" """" ""??? | | ??????????????# ]=z[z ###"" " """" ""??? | | ??????????????## " z ####"I " """" """?? | | ???????????????# ]# z # """ " "???? | | ???????????????##### "" ""!! "" ""??? | | ???????????????????#### @ ""% "" "??? | | ??????????????????????# ""[ """ ""??? | | ??????????????????????# "" """ "???? | | ????????????????##????#"# "" "" """""???? | | ???????#########"####?##" """ """"???? | | ??????"#""#"""#"#"""###"#" "" "" "##"???? | | #######"""""""""""""#""""#" " "" "#?????? | | """"" #"#" """""""""""" " """##????? | | """"" #""" " """"#????? | | #""" " "####????? | | " ##"" """""""""""""""""" " ""##???### | | "" """""##"""" """##"" " """#???#"# | | "" """#####"" ""###" " ""######"" | | "" """######" """""" " ""#""##""" | | " ###" "####""&"" """"" " """"""##" | | #""" ""###"&& " " """" | | """"" ##"" """##"" """" | | """"" ##"" ""###" """"" | | #######""" "##?#"" """"#"" | | ??#####""# ""#?###" """"""#"" | | ?##"""#### #"#???#"" """#""""" "" | | ?#" #""####"" ""#"" """ """ | | ?#" #?###""" "" """ """" | | ?#" #???###" ""### | | ?## #### #????#"" ""#?" | +----------------------------------------------------+ Best States ------------- Heat Dissipation 42 Energy Generation 14 Energy Capacity 250 Matter Stores 300 Matter Capacity 300 Sight Range 16 Terrain Scan Density 10 Armor Coverage 150 Evasion (%) 40 Recoil Reduction 2 Item Schematics ----------------- Imp. System Restoration Module | -7/Zion | Archive Hrd. Heavy Armor Plating | -7/Zion | Archive Arm. Huge Wheel | -7/Zion | Archive Adv. Sensor Array | -7/Zion | Archive Proton Cannon | -7/Zion | Archive Spear | -7/Zion | Archive Imp. Corruption Screen | -7/Zion | Archive Imp. Thermal Shield | -7/Zion | Archive Imp. Deuterium Engine | -7/Zion | Archive Power Amplifier | -7/Zion | Archive Chainsword | -7/Zion | Archive Drone Bay | -7/Zion | Archive Transmission Jammer | -7/Zion | Archive EM Shield | -7/Zion | Archive Imp. Field Recycling Unit | -7/Zion | Archive Robot Schematics ------------------ L-31 Rogue | -7/Zion | Archive G-47 Trooper | -7/Zion | Archive A-02 Transporter | -7/Zion | Archive Fabricated ------------ Nothing Repaired ---------- Nothing Studied --------- None Alien Tech Used ----------------- None Achievements -------------- None Challenges ------------ None Game ------ Seed RainbowCargoFrame Manual? 0 Play Time 00:24:21 Cumulative 45.7 hours Start 2026.04.04 @ 00:14:45 End 2026.04.04 @ 00:39:31 Sessions 1 Manual Loads 0 Difficulty Rogue Special Mode None Game No. 38 Rogue 38 Adventurer 0 Explorer 0 Win Type - Total 1 Types 1/0/0/0/0/0/0/0/0/0 Lore% 23 Gallery% 36 Achievement% 28 Wizard Run 0 Options --------- Layout 1 ASCII 0 Keyboard 0 Movement Mouse Keybinds 0 Fullscreen 1 Font 24/Smallcaps Map View 50x35 Zoom Use 0% Tactical HUD 1 Map Filters NONE Filters NONE Steam 1 RUN: a9c54a46-14a6-416c-a0c5-c7337b316fea